 Dungeon Crawl Stone Soup version 0.14-a0-2119-ge69afc6 (webtiles) character file.

750 Egon the Skirmisher (level 7, 76/91 HPs)
             Began as a Red Draconian Berserker on Jan 27, 2014.
             Was an Elder of Trog.
             Quit the game on Level 4 of the Dungeon.
             The game lasted 00:07:42 (3468 turns).

Egon the Skirmisher (Red Draconian Berserker)       Turns: 3468, Time: 00:07:42

HP  76/91        AC  6     Str 25      XL: 7   Next:  8%
MP   7/7         EV 14     Int  7      God: Trog [****..]
Gold 197         SH  0     Dex 12      Spells:  0 memorised,  6 levels left

rFire  + . .     SeeInvis .     a - +0 hand axe
rCold  . . .     Clarity  .     (armour unavailable)
rNeg   . . .     Conserve .     (no shield)
rPois  .         rCorr    .     (helmet restricted)
rElec  .         rRot     .     (no cloak)
SustAb . .       Spirit   +     (no gloves)
rMut   .         Warding  .     (no boots)
Saprov . . .     Stasis   .     s - amulet of guardian spirit
MR     .....                    (no ring)
                                (no ring)

@: berserking, very quick, not resistant to hostile enchantments, extremely
unstealthy
A: breathe fire, unfitting armour, fire resistance 1, AC +6
a: Breathe Fire, Burn Spellbooks, Berserk, Trog's Hand, Brothers in Arms,
Renounce Religion


You were on level 4 of the Dungeon.
You worshipped Trog.
Trog was greatly pleased with you.
You were hungry.

You visited 1 branch of the dungeon, and saw 4 of its levels.

You collected 197 gold pieces.

Inventory:

Hand weapons
 a - a +0,+0 hand axe (weapon)
Magical devices
 x - a wand of frost (3)
Comestibles
 b - 2 pears
 c - 4 bread rations
 t - a meat ration
 z - an apricot
Scrolls
 d - 8 scrolls of identify {unknown}
 e - a scroll of teleportation {unknown}
 g - a scroll of fear {unknown}
 h - a scroll of fog {unknown}
 k - 3 scrolls of recharging {unknown}
 l - 3 scrolls of remove curse {unknown}
 o - a scroll of enchant weapon I {unknown}
 v - a scroll of enchant weapon II {unknown}
 w - a scroll of immolation {unknown}
Jewellery
 s - an amulet of guardian spirit (around neck)
Potions
 f - 2 potions of confusion {unknown}
 i - a potion of restore abilities {unknown}
 m - 2 potions of poison {unknown}
 n - a potion of heal wounds {unknown}
 p - a potion of might {unknown}
 q - a potion of mutation {unknown}
 r - a potion of agility {unknown}
 u - 2 potions of curing {unknown}


   Skills:
 + Level 5.5 Fighting
 + Level 5.4 Axes
 + Level 4.8 Dodging


You had 6 spell levels left.
You didn't know any spells.

Dungeon Overview and Level Annotations

Branches:
Dungeon (4/16)
 Temple: D:4-7

Altars:
Elyvilon
Okawaru


Innate Abilities, Weirdness & Mutations

You can breathe blasts of fire.
Your fiery red scales are hard (AC +6).
Your body does not fit into most forms of armour.
Your cold-blooded metabolism reacts poorly to cold.
Your flesh is heat resistant.


Message History

You feel less exhausted.
You start resting.
You see here an orcish club.
An ogre comes into view. It is wielding a giant club.
Use which ability? (? or * to list)
A red film seems to cover your vision as you go berserk!
You feel yourself moving faster!
You feel mighty!
You are feeling hungry.
You slash the ogre!
The ogre is moderately wounded.
You slash the ogre!
The ogre is severely wounded.
The ogre barely misses you.
You slash the ogre!
You kill the ogre!
Trog accepts your kill.
You have reached level 7!
Your scales start taking on a fiery red colour.
You feel a sudden chill.
Are you sure you want to abandon this character and quit the game? (Confirm with "yes".)

. #. #######
#.### .......
#.... #######
##...# ....#
#... #.)#
#.@# #..#
#..# #..#
#..#
#..########
##..........#
#...........#
#.#.#########


There were no monsters in sight!

Vanquished Creatures
  An ogre (D:4)
  A hound (D:4)
  3 orc priests
  2 orc wizards (D:4)
  2 worker ants (D:4)
  Jessica (D:2)
  8 adders
  3 gnolls (D:2)
  An inept item mimic (D:3)
  2 worms (D:3)
  12 orcs
  6 bats
  6 giant cockroaches
  14 hobgoblins
  4 jackals
  4 quokkas
  5 ball pythons
  3 giant geckos
  7 giant newts
  9 goblins
  14 kobolds
  4 rats
112 creatures vanquished.

Vanquished Creatures (others)
  A kobold (D:3)
1 creature vanquished.

Grand Total: 113 creatures vanquished

Notes
Turn   | Place    | Note
--------------------------------------------------------------
     0 | D:1      | Egon, the Draconian Berserker, began the quest for the Orb.
     0 | D:1      | Reached XP level 1. HP: 19/19 MP: 1/1
   240 | D:1      | Reached XP level 2. HP: 12/26 MP: 2/2
   952 | D:1      | Reached XP level 3. HP: 30/33 MP: 3/3
  1042 | D:1      | Acquired Trog's second power
  1532 | D:2      | Noticed Jessica
  1543 | D:2      | Reached skill level 4 in Fighting
  1546 | D:2      | Killed Jessica
  1546 | D:2      | Reached XP level 4. HP: 27/40 MP: 4/4
  1964 | D:2      | Found an iron altar of Okawaru.
  1973 | D:2      | Reached XP level 5. HP: 47/47 MP: 5/5
  2589 | D:3      | Found a white marble altar of Elyvilon.
  2866 | D:4      | Reached XP level 6. HP: 46/55 MP: 3/6
  2906 | D:4      | Acquired Trog's third power
  2957 | D:4      | Reached skill level 5 in Fighting
  2980 | D:4      | Reached skill level 5 in Axes
  3460 | D:4      | Noticed an ogre
  3467 | D:4      | Killed an ogre
  3467 | D:4      | Your scales start taking on a fiery red colour.
  3467 | D:4      | Gained mutation: Your flesh is heat resistant. [draconian maturity]
  3467 | D:4      | Reached XP level 7. HP: 61/61 MP: 7/7
  3468 | D:4      | Quit the game

Action                   |  1- 3 |  4- 6 |  7- 9 || total
-------------------------+-------+-------+-------++-------
Melee: Hand axe          |   126 |   246 |       ||   372
Invok: Berserk           |     1 |     7 |       ||     8
Evoke: Wand              |       |     4 |       ||     4
 Stab: Distracted        |     1 |       |       ||     1
       Sleeping          |       |     1 |       ||     1
